 Dungeon Crawl Stone Soup version 0.21-a0-178-g0b87683 (webtiles) character file.

79 wolfsongas the Poker (level 4, -3/35 HPs)
             Began as a Demonspawn Fighter on Aug 9, 2017.
             Slain by Potronius's ghost (6 damage)
             ... on level 3 of the Dungeon.
             The game lasted 00:02:24 (1280 turns).

wolfsongas the Poker (Demonspawn Fighter)           Turns: 1280, Time: 00:02:24

Health: -3/35      AC:  6    Str: 17    XL:     4   Next: 16%
Magic:  4/4        EV:  6    Int: 10    God:
Gold:   103        SH:  8    Dex: 12    Spells: 3/3 levels left

rFire    + . .     SeeInvis .   a - +1 trident
rCold    . . .     Gourm    .   c - +0 shield
rNeg     . . .     Faith    .   b - +0 scale mail
rPois    .         Spirit   .   (no helmet)
rElec    .         Reflect  .   (no cloak)
rCorr    .         Harm     .   (no gloves)
MR       .....                  (no boots)
Stlth    ..........             e - amulet of rage
HPRegen  0.11/turn              i - ring of protection from fire
MPRegen  0.09/turn              (no ring)

@: no status effects
A: talons 2
a: Evoke Berserk Rage


You were on level 3 of the Dungeon.
You were not hungry.

You visited 1 branch of the dungeon, and saw 3 of its levels.

You collected 103 gold pieces.

Inventory:

Hand Weapons
 a - a +1 trident (weapon)
Armour
 b - a +0 scale mail (worn)
 c - a +0 shield (worn)
Jewellery
 e - an amulet of rage (around neck)
 i - a ring of protection from fire (left hand)
Scrolls
 h - 4 scrolls of identify
 o - a scroll of blinking {unknown}
Potions
 d - a potion of might
 j - a potion of invisibility
 k - 3 potions of brilliance
Comestibles
 f - a bread ration
 g - 2 fruits
 l - 2 meat rations
 m - a chunk of flesh
 n - a royal jelly


   Skills:
 - Level 3.0 Fighting
 * Level 4.0 Polearms
 - Level 2.6 Armour
 - Level 2.6 Shields


You had 3 spell levels left.
You didn't know any spells.

Dungeon Overview and Level Annotations

Branches:
Dungeon (3/15)

Altars:
Makhleb

Annotations:
D:3 Potronius's ghost, amateur FoAK


Innate Abilities, Weirdness & Mutations

You have razor-sharp toenails.


Message History

You are too injured to fight recklessly!
You are too injured to fight recklessly!
You are too injured to fight recklessly!
You are too injured to fight recklessly!
You hit Potronius's ghost. You claw Potronius's ghost!
Potronius's ghost is moderately damaged.
Potronius's ghost barely misses you.
You hit Potronius's ghost but do no damage.
You claw Potronius's ghost, but do no damage.
Potronius's ghost is moderately damaged.
You block Potronius's ghost's attack.
You hit Potronius's ghost. Your kick misses Potronius's ghost.
Potronius's ghost is heavily damaged.
Potronius's ghost hits you!
* * * LOW HITPOINT WARNING * * *
Your shield prevents you from hitting Potronius's ghost.
Your kick misses Potronius's ghost.
Potronius's ghost is heavily damaged.
Potronius's ghost hits you.
You die...

#.# #.# #.# #.#
#.# #.# #.#
#.###########.#
#.....W@......#
#.#############


You could see Potronius's ghost.

Vanquished Creatures
  A gnoll (D:1)
  An adder (D:2)
  An ooze (D:2)
  2 worms (D:2)
  2 leopard geckos (D:2)
  A ball python (D:1)
  5 bats
  3 giant cockroaches
  5 goblins
  7 hobgoblins
  A quokka (D:2)
  3 frilled lizards
  8 kobolds
  7 rats
47 creatures vanquished.

Notes
Turn   | Place    | Note
-------+----------+-------------------------------------------
     0 | D:1      | wolfsongas the Demonspawn Fighter began the quest for the Orb.
     0 | D:1      | Reached XP level 1. HP: 18/18 MP: 1/1
     3 | D:1      | Noticed an electric eel
     3 | D:1      | Noticed an electric eel
    28 | D:1      | Reached skill level 2 in Polearms
    28 | D:1      | Gained mutation: You have sharp toenails. [demonic ancestry]
    28 | D:1      | Reached XP level 2. HP: 18/24 MP: 2/2
   311 | D:1      | Reached skill level 3 in Polearms
   367 | D:1      | Reached XP level 3. HP: 26/29 MP: 3/3
   896 | D:2      | Found a burning altar of Makhleb.
   980 | D:2      | Gained mutation: You have razor-sharp toenails. [demonic ancestry]
   980 | D:2      | Reached XP level 4. HP: 35/35 MP: 4/4
  1014 | D:2      | Reached skill level 4 in Polearms
  1268 | D:3      | Noticed Potronius's ghost (amateur FoAK)
  1280 | D:3      | Slain by Potronius's ghost

Vault maps used:
D:1:      arrival_aquarium_b, minmay_small_reverse_x
D:2:      nicolae_overflow_crystal_walls, serial_forest,
          infiniplex_forest_zigzag_1, infiniplex_forest_lined_2,
          infiniplex_forest_clump_C, infiniplex_forest_end_1,
          infiniplex_forest_clump_C, infiniplex_forest_end_double,
          infiniplex_forest_clump_diagonal, infiniplex_forest_lined_3,
          nrook_loot_triangle, minmay_ruptured
D:3:      kennysheep_generic_room_4, uniq_robin

Skill      XL: |  1  2  3  4 |
---------------+-------------+-----
Polearms       | 2 3 4 |  4.0
Fighting       | |  3.0
Armour         | |  2.6
Shields        | |  2.6

Action                   |  1- 3 |  4- 6 || total
-------------------------+-------+-------++-------
Melee: Trident           |    94 |    33 ||   127
       Kick              |    21 |     5 ||    26
  Use: Scroll            |     4 |       ||     4
       Potion            |     3 |       ||     3
  Eat: Chunk             |       |     1 ||     1
Armor: Scale mail        |    23 |    11 ||    34
Dodge: Dodged            |    10 |     1 ||    11
Block: Shield            |    33 |     8 ||    41
